Map: [ESL] Oceanborn

Players

Reynor - Winner!

  • Race: Protoss Protoss
  • League: Master
  • Spawn Location: 11:00

Scarlett

  • Race: Zerg Zerg
  • Spawn Location: 5:00

Event: HomeStory Cup XXIV

VOD

Have the link to the VOD?

Description

Time

  • Played on: Dec. 2, 2023, 3:34 p.m.
  • Length: 19:48

All games in this series

Show
View Real Time Build Order
Export as new Build Order

Reynor Protoss - Winner!

Build Orders: 1 Gate Expand, Oracle Opening, Carriers 

Get SALT Encoding   

  12  0:01  Probe  
  13  0:13  Probe  
  14  0:19  Pylon  
  14  0:25  Probe  
  15  0:37  Probe (Chrono Boost)  
  15  0:39  Gateway  
  16  0:47  Assimilator  
  16  0:48  Probe (Chrono Boost)  
  17  0:53  Probe (Chrono Boost)  
  18  1:03  Probe (Chrono Boost)  
  19  1:13  Probe (Chrono Boost)  
  20  1:25  Nexus  
  20  1:33  Cybernetics Core  
  20  1:37  Probe  
  21  1:43  Assimilator  
  21  1:49  Probe  
  21  1:53  Pylon  
  23  2:01  Probe  
  23  2:08  Adept (Chrono Boost)  
  23  2:13  Probe  
  26  2:18  Stargate  
  26  2:25  Probe  
  26  2:27  Warp Gate  
  27  2:31  Adept  
  29  2:38  Probe (Chrono Boost)  
  29  2:43  Probe (Chrono Boost)  
  31  2:47  Probe (Chrono Boost)  
  31  2:51  Probe (Chrono Boost)  
  33  2:52  Probe (Chrono Boost)  
  34  3:01  Probe  
  34  3:04  Probe  
  34  3:05  Oracle (Chrono Boost)  
  39  3:14  Probe  
  39  3:18  Probe  
  41  3:21  Stalker  
  41  3:22  Gateway  
  41  3:26  Probe  
  42  3:30  Probe  
  43  3:35  Pylon, Oracle (Chrono Boost)  
  46  3:48  Nexus  
  46  3:53  Probe x2  
  48  4:02  Pylon  
  48  4:05  Probe  
  48  4:06  Assimilator x2  
  48  4:08  Probe  
  50  4:15  Adept  
  52  4:17  Probe  
  52  4:20  Probe  
  52  4:23  Stargate  
  54  4:27  Phoenix (Chrono Boost)  
  54  4:29  Probe  
  57  4:32  Probe  
  57  4:35  Pylon  
  57  4:38  Shield Battery  
  58  4:39  Adept  
  58  4:41  Probe  
  61  4:45  Probe  
  61  4:50  Pylon  
  62  4:53  Phoenix (Chrono Boost)  
  62  4:54  Probe  
  65  5:01  Probe x2  
  65  5:06  Probe  
  68  5:11  Phoenix (Chrono Boost)  
  68  5:13  Probe x2  
  74  5:17  Adept x2  
  74  5:18  Probe  
  74  5:19  Phoenix (Chrono Boost)  
  79  5:25  Probe  
  80  5:29  Phoenix (Chrono Boost)  
  80  5:32  Probe  
  80  5:34  Probe  
  86  5:36  Pylon  
  86  5:40  Stalker x2, Phoenix (Chrono Boost)  
  86  5:42  Probe  
  91  5:45  Probe  
  92  5:51  Probe  
  92  5:52  Pylon  
  92  5:54  Phoenix (Chrono Boost), Probe  
  96  5:57  Probe  
  96  6:04  Phoenix (Chrono Boost), Probe  
  100  6:06  Assimilator x2, Probe  
  100  6:10  Probe  
  102  6:14  Pylon  
  102  6:16  Robotics Facility, Probe  
  102  6:18  Robotics Facility  
  105  6:21  Probe  
  105  6:24  Phoenix (Chrono Boost)  
  106  6:28  Phoenix (Chrono Boost)  
  108  6:33  Probe  
  109  6:42  Nexus  
  109  6:43  Forge, Pylon  
  108  6:49  Probe  
  109  6:54  Pylon  
  109  7:02  Twilight Council  
  109  7:05  Adept x2  
  109  7:08  Immortal x2 (Chrono Boost)  
  113  7:11  Phoenix x2  
  113  7:13  Probe x2  
  113  7:14  Probe  
  122  7:21  Protoss Ground Weapons Level 1 (Chrono Boost)  
  114  7:24  Photon Cannon  
  114  7:29  Probe x2  
  112  7:30  Sentry x2  
  112  7:34  Probe  
  117  7:37  Immortal (Chrono Boost)  
  117  7:41  Nexus  
  117  7:42  Pylon  
  121  7:47  Templar Archives  
  121  7:55  Immortal  
  125  7:59  Pylon  
  125  8:04  Zealot x2  
  129  8:05  Photon Cannon  
  129  8:06  Shield Battery  
  129  8:11  Immortal  
  133  8:15  Psionic Storm  
  133  8:17  Shield Battery, Photon Cannon, Probe x2  
  133  8:19  Pylon  
  135  8:20  Photon Cannon  
  135  8:24  Zealot  
  137  8:28  High Templar  
  137  8:30  Probe x2  
  141  8:40  Gateway  
  141  8:41  Gateway  
  141  8:46  Pylon, Immortal (Chrono Boost)  
  145  8:59  Immortal (Chrono Boost)  
  147  9:03  High Templar x2  
  147  9:04  Probe x2  
  147  9:05  Probe  
  147  9:06  Assimilator, Probe  
  147  9:08  Assimilator  
  155  9:12  Photon Cannon  
  155  9:14  Photon Cannon  
  155  9:16  Shield Battery, Probe  
  156  9:18  Probe  
  156  9:22  Charge  
  156  9:23  Gateway  
  156  9:24  Protoss Ground Weapons Level 2 (Chrono Boost)  
  157  9:26  Gateway  
  157  9:33  Immortal  
  157  9:36  Immortal  
  165  9:39  High Templar x2  
  165  9:41  Probe  
  165  9:43  Pylon  
  165  9:45  Archon  
  170  9:50  Forge  
  170  9:52  High Templar  
  172  9:57  Pylon  
  172  9:58  Pylon  
  172  10:00  Pylon  
  172  10:12  High Templar x2  
  172  10:13  Observer (Chrono Boost)  
  169  10:16  Observer (Chrono Boost)  
  169  10:17  Archon  
  169  10:18  High Templar x2  
  174  10:28  Gateway  
  172  10:29  Gateway  
  172  10:30  High Templar x2, Gateway  
  172  10:31  Gateway  
  172  10:32  Warp Prism x2  
  180  10:38  Pylon  
  180  10:40  Archon  
  180  10:41  Protoss Shields Level 1 (Chrono Boost)  
  176  10:51  Zealot x3  
  176  10:52  Zealot  
  184  11:07  Zealot x2  
  188  11:12  Zealot x4  
  178  11:37  Zealot x2  
  178  11:38  Zealot x8  
  160  12:03  Zealot x10  
  178  12:09  Nexus  
  178  12:11  Pylon  
  178  12:14  Protoss Ground Weapons Level 3 (Chrono Boost)  
  178  12:15  Immortal x2 (Chrono Boost)  
  180  12:24  High Templar x10  
  180  12:29  Archon x4  
  200  12:30  Archon  
  200  12:33  Photon Cannon  
  200  12:35  Photon Cannon  
  200  12:37  Photon Cannon  
  200  12:38  Photon Cannon  
  200  12:40  Photon Cannon  
  200  12:43  Shield Battery  
  200  12:45  Shield Battery  
  200  12:47  Pylon, Probe  
  199  12:51  Protoss Shields Level 2 (Chrono Boost)  
  199  12:54  Stargate  
  199  12:57  Protoss Air Weapons Level 1 (Chrono Boost)  
  199  13:03  Stargate  
  199  13:05  Fleet Beacon  
  181  13:15  Zealot x9  
  189  13:30  Observer x2  
  173  13:35  Immortal x2 (Chrono Boost)  
  173  13:37  Zealot x4  
  173  13:38  Zealot x3  
  173  13:41  High Templar x3, Probe x2  
  193  14:05  High Templar  
  193  14:06  High Templar  
  173  14:11  Assimilator x2, Immortal x2 (Chrono Boost)  
  173  14:12  Zealot x5  
  173  14:13  Zealot x3  
  195  14:33  Zealot x2  
  199  14:42  Zealot x5  
  193  14:46  Zealot  
  193  14:47  Zealot x2  
  191  14:58  Protoss Air Weapons Level 2 (Chrono Boost)  
  181  15:09  High Templar x2  
  185  15:14  Archon  
  185  15:15  Zealot x6  
  185  15:16  Zealot x2  
  195  15:22  Observer x2  
  191  15:38  Carrier x2 (Chrono Boost)  
  199  15:48  Carrier (Chrono Boost)  
  197  16:12  Carrier (Chrono Boost), Protoss Ground Armor Level 1 (Chrono Boost), Protoss Shields Level 3 (Chrono Boost)  
  191  16:34  Carrier (Chrono Boost)  
  195  16:49  Nexus  
  195  16:52  Pylon  
  195  17:05  Cybernetics Core  
  174  17:36  Zealot x8  
  186  17:38  Carrier x3 (Chrono Boost)  
  191  18:19  High Templar, Photon Cannon  
  193  18:21  High Templar x2  
  193  18:23  Photon Cannon  
  193  18:25  Photon Cannon  
  193  18:26  Photon Cannon  
  181  18:28  Photon Cannon  
  181  18:30  Shield Battery  
  181  18:32  Shield Battery  
  181  18:33  Pylon  
  187  18:38  Assimilator  
  187  18:39  Carrier x2 (Chrono Boost)  
  187  18:40  Carrier (Chrono Boost), Assimilator  
  191  18:44  Observer x2 (Chrono Boost)  
  187  18:48  High Templar x6  
  187  18:55  Archon  
  195  18:56  Photon Cannon  
  195  18:58  Photon Cannon  
  195  19:03  Pylon  
  195  19:07  Zealot x2  
  193  19:31  Zealot x3  
Show
View Real Time Build Order
Export as new Build Order

Scarlett Zerg 

Build Orders: Hatch First, Lurkers, Roach Hydra 

Get SALT Encoding   

  12  0:00  Drone  
  13  0:12  Overlord  
  13  0:17  Drone  
  14  0:30  Drone x2  
  16  0:47  Hatchery  
  15  0:51  Drone  
  15  0:54  Drone  
  17  0:58  Drone  
  18  1:09  Extractor  
  17  1:13  Spawning Pool  
  17  1:16  Drone  
  17  1:20  Drone  
  18  1:28  Drone  
  19  1:38  Drone  
  20  1:52  Drone  
  21  1:59  Queen  
  21  2:00  Zergling x2, Queen, Overlord  
  26  2:11  Drone  
  26  2:12  Drone  
  26  2:15  Metabolic Boost  
  28  2:24  Drone x2  
  30  2:32  Hatchery  
  29  2:38  Zergling x2  
  29  2:42  Queen  
  32  2:46  Drone  
  32  2:49  Overlord  
  33  2:53  Drone x2  
  33  3:06  Drone x2  
  33  3:10  Queen, Overlord  
  33  3:11  Drone  
  38  3:17  Drone x3  
  41  3:21  Overlord  
  41  3:25  Queen  
  43  3:38  Drone x3  
  46  3:45  Drone  
  46  3:47  Drone  
  46  3:48  Spore Crawler  
  47  3:49  Drone x3  
  47  3:52  Drone x4  
  47  3:54  Queen  
  56  4:01  Queen  
  58  4:03  Drone  
  58  4:04  Drone  
  58  4:06  Overlord  
  58  4:08  Zergling x2  
  61  4:10  Spore Crawler  
  61  4:12  Zergling x2  
  61  4:13  Zergling x2  
  61  4:16  Drone  
  63  4:19  Zergling x6  
  63  4:22  Overlord  
  63  4:23  Overlord  
  66  4:26  Drone  
  66  4:30  Drone x3  
  70  4:36  Drone x4  
  74  4:42  Drone  
  74  4:43  Drone x2  
  74  4:45  Drone  
  78  4:46  Lair  
  78  4:47  Drone  
  78  4:48  Drone x2  
  81  4:54  Drone x5  
  81  4:58  Extractor, Roach Warren  
  81  4:59  Extractor  
  83  5:02  Evolution Chamber  
  83  5:04  Extractor, Drone x3  
  83  5:05  Extractor  
  83  5:09  Drone  
  83  5:12  Drone x3  
  83  5:14  Drone  
  86  5:15  Extractor  
  86  5:18  Hatchery  
  84  5:21  Overlord  
  84  5:24  Drone x5  
  89  5:29  Overlord  
  89  5:31  Overlord x2  
  89  5:33  Zerg Missile Weapons Level 1  
  89  5:35  Zergling x2  
  90  5:38  Overlord  
  90  5:44  Roach x4  
  90  5:49  Glial Reconstitution  
  98  5:52  Drone x2  
  98  5:54  Roach x2, Infestation Pit  
  102  6:08  Roach x8  
  118  6:12  Ravager x2  
  118  6:13  Overseer  
  118  6:17  Zergling x2  
  118  6:18  Zergling x6  
  124  6:21  Hydralisk Den  
  123  6:26  Spore Crawler  
  123  6:29  Drone x8  
  130  6:38  Zergling x2  
  130  6:39  Zergling x6  
  133  6:42  Spore Crawler  
  133  6:45  Spore Crawler  
  131  6:48  Zergling x10  
  131  6:52  Overlord x7  
  136  7:04  Spore Crawler  
  135  7:14  Zergling x24  
  138  7:19  Hive, Drone  
  138  7:20  Muscular Augments, Drone x3  
  139  7:26  Drone  
  139  7:27  Drone x2  
  135  7:32  Spore Crawler  
  132  7:38  Drone x4  
  132  7:39  Spore Crawler  
  132  7:44  Spore Crawler x3  
  130  7:45  Drone x3  
  130  7:48  Zerg Missile Weapons Level 2, Drone  
  132  7:55  Drone x6  
  132  8:03  Drone  
  132  8:04  Drone x8  
  141  8:07  Infestor x3, Extractor x2  
  141  8:08  Hydralisk  
  147  8:13  Hydralisk  
  147  8:19  Hydralisk x5  
  148  8:25  Hydralisk x4, Lurker Den  
  165  8:30  Overlord x2  
  163  8:35  Viper x3  
  170  8:43  Grooved Spines, Drone x3  
  170  8:44  Drone x4  
  174  8:49  Hydralisk x5  
  180  9:03  Overlord x2  
  180  9:13  Overlord  
  180  9:14  Overlord  
  180  9:23  Seismic Spines  
  180  9:24  Hydralisk x8  
  180  9:26  Hatchery  
  195  9:34  Spore Crawler  
  195  9:35  Spore Crawler, Spine Crawler x2  
  195  9:36  Spine Crawler  
  195  9:37  Spine Crawler  
  189  9:44  Hydralisk x5  
  199  10:00  Adrenal Glands  
  199  10:02  Evolution Chamber  
  197  10:11  Extractor x2  
  193  10:16  Lurker x7  
  193  10:20  Adaptive Talons  
  199  10:31  Zerg Missile Weapons Level 3  
  199  10:32  Zerg Ground Armor Level 1  
  199  11:06  Lurker  
  200  11:24  Hydralisk x10  
  196  11:30  Hydralisk x18  
  196  11:31  Zergling x10  
  197  11:36  Hydralisk x3  
  198  11:41  Zergling x2  
  190  11:56  Hydralisk x8  
  191  12:15  Lurker x6  
  191  12:27  Lurker  
  191  12:28  Lurker x3, Zergling x10  
  200  12:35  Spine Crawler  
  200  12:36  Lurker  
  200  12:54  Spine Crawler  
  200  12:55  Spine Crawler x2  
  191  13:05  Drone x2  
  192  13:09  Lurker x10  
  172  13:37  Zerg Ground Armor Level 2, Zerg Melee Weapons Level 1  
  170  13:47  Hatchery  
  170  13:48  Viper x2  
  169  13:49  Extractor  
  169  13:52  Zergling x24  
  184  14:06  Extractor  
  184  14:08  Hatchery  
  178  14:11  Extractor  
  178  14:15  Hatchery  
  176  14:17  Extractor  
  175  14:30  Lurker x7, Hydralisk x5  
  180  14:57  Zergling x24  
  179  15:13  Drone x3  
  181  15:17  Extractor  
  181  15:18  Hatchery  
  177  15:24  Drone x4  
  177  15:25  Drone  
  182  15:28  Hatchery  
  182  15:33  Zergling x6  
  182  15:35  Hydralisk  
  176  15:37  Queen  
  176  15:38  Queen  
  176  15:39  Hydralisk x2  
  177  15:45  Drone x2  
  177  15:46  Drone x2  
  178  16:05  Overseer x3  
  178  16:15  Drone x4  
  182  16:22  Drone x3  
  185  16:25  Hydralisk x7  
  185  16:27  Zerg Ground Armor Level 3, Zerg Melee Weapons Level 2  
  198  16:52  Drone x5  
  198  17:08  Spore Crawler  
  191  17:17  Hydralisk x6  
  179  17:42  Hydralisk x11  
  199  17:48  Hatchery, Hydralisk x4  
  195  17:55  Hydralisk  
  195  17:56  Hydralisk x2  
  195  17:57  Hydralisk x6  
  193  18:11  Hydralisk x4  
  190  18:51  Hydralisk x3, Drone x3  
  190  18:53  Spine Crawler x3  
  186  19:10  Hydralisk x7  
  200  19:28  Drone  
  200  19:29  Drone x4  
Tags
 
Add a new tag
Caveats
  • Supply blocks, unpowered buildings, or Contaminate may cause inaccurate times.
  • Supply counts are checked every 10 seconds.